EVO
OHIO STATE UNIVERSITY BUCKEYES @ OKLAHOMA STATE UNIVERSITY COWBOYS
08/26/2046
 
TOP OF THE 1ST
Ohio State University Buckeyes batting - Pitching for Oklahoma State University Cowboys : RHP Ryan Kominski
Pitching: RHP Ryan Kominski
Batting: RHB Hikaru Nakata 0-0: Ball
1-0: Ball
2-0: Ball
3-0: Swinging Strike
3-1: Swinging Strike
3-2: Strikes out swinging
Batting: RHB Aaron Burnet 0-0: Foul Ball, location: 2F
0-1: Swinging Strike
0-2: Ball
1-2: Strikes out swinging
Batting: SHB Ken Griffey IV 0-0: Ball
1-0: Called Strike
1-1: Swinging Strike
1-2: Foul Ball, location: 2F
1-2: Strikes out swinging, 2-3 out at first.
Top of the 1st over - 0 runs, 0 hits, 0 errors, 0 left on base; Ohio State University 0 - Oklahoma State University 0
BOTTOM OF THE 1ST
Oklahoma State University Cowboys batting - Pitching for Ohio State University Buckeyes : RHP Mike Sisson
Pitching: RHP Mike Sisson
Batting: RHB Mennad Maalik 0-0: Ball
1-0: Fly out, F7 (Flyball, 7LSF, EV 96.9 MPH)
Batting: LHB Vecdi Ertegun 0-0: Foul Ball, location: 2F
0-1: Ground out 6-3 (Groundball, 6, EV 108.8 MPH)
Batting: RHB Masakuni Takeuchi 0-0: Ball
1-0: Ball
2-0: Foul Ball, location: 2F
2-1: SINGLE (Groundball, 56, EV 96.2 MPH)
Batting: LHB Rafael Banda 0-0: Ball
1-0: Called Strike
1-1: Ball
2-1: Foul Ball, location: 2F
2-2: Fly out, F9 (Flyball, 9LD, EV 97.5 MPH)
Bottom of the 1st over - 0 runs, 1 hit, 0 errors, 1 left on base; Ohio State University 0 - Oklahoma State University 0
TOP OF THE 2ND
Ohio State University Buckeyes batting - Pitching for Oklahoma State University Cowboys : RHP Ryan Kominski
Batting: LHB Ben Roth 0-0: Ball
1-0: Foul Ball, location: 2F
1-1: Ball
2-1: Called Strike
2-2: Strikes out swinging
Batting: RHB Hugo Chavez 0-0: Called Strike
0-1: Fly out, F9 (Flyball, 89M, EV 85.0 MPH)
Batting: RHB Michihisa Tanaka 0-0: Called Strike
0-1: SOLO HOME RUN (Flyball, 7D, EV 110.0 MPH), Distance : 397 ft
Batting: RHB Jeff Standridge 0-0: Called Strike
0-1: Fly out, F7 (Line Drive, 7D, EV 102.5 MPH)
Top of the 2nd over - 1 run, 1 hit, 0 errors, 0 left on base; Ohio State University 1 - Oklahoma State University 0
BOTTOM OF THE 2ND
Oklahoma State University Cowboys batting - Pitching for Ohio State University Buckeyes : RHP Mike Sisson
Batting: RHB Ji-an See-to 0-0: Called Strike
0-1: Fly out, F8 (Flyball, 8RM, EV 87.5 MPH)
Batting: RHB Ivan Torres 0-0: Called Strike
0-1: Ball
1-1: Foul Ball, location: 2F
1-2: Ground out 5-3 (Groundball, 56S, EV 89.4 MPH)
Batting: RHB Oscar Hernandez 0-0: Foul Ball, location: 2F
0-1: Ball
1-1: Foul Ball, location: 2F
1-2: Ground out 5-3 (Groundball, 56S, EV 77.5 MPH)
Bottom of the 2nd over - 0 runs, 0 hits, 0 errors, 0 left on base; Ohio State University 1 - Oklahoma State University 0
TOP OF THE 3RD
Ohio State University Buckeyes batting - Pitching for Oklahoma State University Cowboys : RHP Ryan Kominski
Batting: RHB John Britton 0-0: Called Strike
0-1: Ball
1-1: Ball
2-1: Ground out 3-1 (Groundball, 34, EV 107.5 MPH)
Batting: RHB Dave Villarreal 0-0: Called Strike
0-1: Called Strike
0-2: Ball
1-2: Ball
2-2: Ball
3-2: Strikes out swinging
Batting: RHB Hikaru Nakata 0-0: Foul Ball, location: 2F
0-1: Swinging Strike
0-2: Foul Ball, location: 2F
0-2: Foul Ball, location: 2F
0-2: Fly out, F7 (Line Drive, 7LS, EV 96.9 MPH)
Top of the 3rd over - 0 runs, 0 hits, 0 errors, 0 left on base; Ohio State University 1 - Oklahoma State University 0
BOTTOM OF THE 3RD
Oklahoma State University Cowboys batting - Pitching for Ohio State University Buckeyes : RHP Mike Sisson
Batting: RHB Pedro Luera 0-0: Called Strike
0-1: Foul Ball, location: 2F
0-2: Ball
1-2: Foul Ball, location: 2F
1-2: Ball
2-2: Foul Ball, location: 2F
2-2: Strikes out swinging
Batting: RHB Hidemitsu Matsuno 0-0: Ball
1-0: Swinging Strike
1-1: Ball
2-1: Foul Ball, location: 2F
2-2: Foul Ball, location: 2F
2-2: Fly out, F8 (Flyball, 8LM, EV 94.4 MPH)
Batting: RHB Mennad Maalik 0-0: Ball
1-0: Bunt for hit to 13S - play at first, batter OUT! 1-3
Bottom of the 3rd over - 0 runs, 0 hits, 0 errors, 0 left on base; Ohio State University 1 - Oklahoma State University 0
Bottom of the 3rd over - 0 runs, 0 hits, 0 errors, 0 left on base; Ohio State University 1 - Oklahoma State University 0
TOP OF THE 4TH
Ohio State University Buckeyes batting - Pitching for Oklahoma State University Cowboys : RHP Ryan Kominski
Batting: RHB Aaron Burnet 0-0: Ball
1-0: Fly out, F7 (Flyball, 78S, EV 83.8 MPH)
Batting: SHB Ken Griffey IV 0-0: Ball
1-0: Fly out, F9 (Flyball, 9, EV 83.8 MPH)
Batting: LHB Ben Roth 0-0: Ball
1-0: Ground out 4-3 (Groundball, 4, EV 83.8 MPH)
Top of the 4th over - 0 runs, 0 hits, 0 errors, 0 left on base; Ohio State University 1 - Oklahoma State University 0
BOTTOM OF THE 4TH
Oklahoma State University Cowboys batting - Pitching for Ohio State University Buckeyes : RHP Mike Sisson
Batting: LHB Vecdi Ertegun 0-0: Ball
1-0: Called Strike
1-1: Ball
2-1: Fly out, F5 (Popup, 5SF, EV 77.5 MPH)
Batting: RHB Masakuni Takeuchi 0-0: Ball
1-0: Called Strike
1-1: SOLO HOME RUN (Flyball, 8LXD, EV 116.9 MPH), Distance : 464 ft
Batting: LHB Rafael Banda 0-0: Ball
1-0: Fly out, F8 (Flyball, 89S, EV 93.8 MPH)
Batting: RHB Ji-an See-to 0-0: Ball
1-0: Ball
2-0: Ball
3-0: Base on Balls
Batting: RHB Ivan Torres 0-0: Ball
1-0: Fly out, F9 (Line Drive, 9, EV 95.6 MPH)
Bottom of the 4th over - 1 run, 1 hit, 0 errors, 1 left on base; Ohio State University 1 - Oklahoma State University 1
TOP OF THE 5TH
Ohio State University Buckeyes batting - Pitching for Oklahoma State University Cowboys : RHP Ryan Kominski
Batting: RHB Hugo Chavez 0-0: Called Strike
0-1: Called Strike
0-2: Strikes out looking
Batting: RHB Michihisa Tanaka 0-0: Ball
1-0: Ball
2-0: Ball
3-0: Fly out, F8 (Line Drive, 8LS, EV 99.4 MPH)
Batting: RHB Jeff Standridge 0-0: Swinging Strike
0-1: Ball
1-1: Foul Ball, location: 2F
1-2: Ball
2-2: Foul Ball, location: 2F
2-2: Foul Ball, location: 2F
2-2: Ball
3-2: Ground out 6-3 (Groundball, 6, EV 98.1 MPH)
Top of the 5th over - 0 runs, 0 hits, 0 errors, 0 left on base; Ohio State University 1 - Oklahoma State University 1
BOTTOM OF THE 5TH
Oklahoma State University Cowboys batting - Pitching for Ohio State University Buckeyes : RHP Mike Sisson
Batting: RHB Oscar Hernandez 0-0: Ball
1-0: Foul Ball, location: 2F
1-1: Foul Ball, location: 2F
1-2: Foul Ball, location: 2F
1-2: Strikes out swinging
Batting: RHB Pedro Luera 0-0: Called Strike
0-1: Called Strike
0-2: Ground out 6-3 (Groundball, 6S, EV 86.2 MPH)
Batting: RHB Hidemitsu Matsuno 0-0: Called Strike
0-1: Ground out 6-3 (Groundball, 6, EV 99.4 MPH)
Bottom of the 5th over - 0 runs, 0 hits, 0 errors, 0 left on base; Ohio State University 1 - Oklahoma State University 1
TOP OF THE 6TH
Ohio State University Buckeyes batting - Pitching for Oklahoma State University Cowboys : RHP Ryan Kominski
Batting: RHB John Britton 0-0: Called Strike
0-1: Called Strike
0-2: SINGLE (Groundball, 56D, EV 86.9 MPH) (infield hit)
Batting: RHB Dave Villarreal 0-0: Called Strike
0-1: Ball
1-1: Bunted foul
1-2: Strikes out looking
Batting: RHB Hikaru Nakata 0-0: Ball
John Britton steals 2nd base
1-0: Ball
2-0: Called Strike
2-1: Ball
3-1: Foul Ball, location: 2F
3-2: Strikes out swinging
Batting: RHB Aaron Burnet 0-0: Called Strike
0-1: Foul Ball, location: 2F
0-2: Foul Ball, location: 2F
0-2: Strikes out swinging
Top of the 6th over - 0 runs, 1 hit, 0 errors, 1 left on base; Ohio State University 1 - Oklahoma State University 1
BOTTOM OF THE 6TH
Oklahoma State University Cowboys batting - Pitching for Ohio State University Buckeyes : RHP Mike Sisson
Batting: RHB Mennad Maalik 0-0: Called Strike
0-1: SINGLE (Line Drive, 9S, EV 109.4 MPH)
Batting: LHB Vecdi Ertegun 0-0: Called Strike
0-1: Bunt - Flyout to 13! F1
Batting: RHB Masakuni Takeuchi 0-0: Ball
1-0: Ball
2-0: Ball
3-0: Called Strike
3-1: Base on Balls
Mennad Maalik to second
Batting: LHB Rafael Banda 0-0: Ball
1-0: Fielders Choice at 2nd, 4-6 (Groundball, 34, EV 91.2 MPH)
Mennad Maalik to third
Batting: RHB Ji-an See-to 0-0: Called Strike
0-1: Ball
1-1: Called Strike
1-2: Ball
Wild Pitch!
Mennad Maalik scores
Rafael Banda to second
2-2: Foul Ball, location: 2F
2-2: Foul Ball, location: 2F
2-2: Foul Ball, location: 2F
2-2: Fly out, F8 (Flyball, 8LS, EV 90.0 MPH)
Bottom of the 6th over - 1 run, 1 hit, 0 errors, 1 left on base; Ohio State University 1 - Oklahoma State University 2
TOP OF THE 7TH
Ohio State University Buckeyes batting - Pitching for Oklahoma State University Cowboys : RHP Ryan Kominski
Batting: SHB Ken Griffey IV 0-0: Called Strike
0-1: Foul Ball, location: 2F
0-2: Ball
1-2: Foul Ball, location: 2F
1-2: SINGLE (Groundball, 6D, EV 104.4 MPH)
Pitching: RHP Safe-eldin Enobakhare
Batting: LHB Ben Roth 0-0: Ball
1-0: SINGLE (Groundball, 4D, EV 100.0 MPH)
Ken Griffey IV to second
Runner from 2nd tries for 3rd, SAFE, throw by RF made to third
Batting: RHB Hugo Chavez 0-0: Ball
Ben Roth steals 2nd base
1-0: Ball
2-0: Called Strike
2-1: Ball
3-1: Base on Balls
Pinch Hitting: LHB Ricardo Torres 0-0: Called Strike
0-1: Ball
1-1: Ball
2-1: Foul Ball, location: 2F
2-2: Foul Ball, location: 2F
2-2: Ball
3-2: Strikes out swinging
Pinch Hitting: RHB Danny Rosario 0-0: Ball
1-0: Swinging Strike
1-1: Foul Ball, location: 2F
1-2: Strikes out swinging
Batting: RHB John Britton 0-0: Called Strike
0-1: Foul Ball, location: 2F
0-2: Strikes out swinging
Top of the 7th over - 0 runs, 2 hits, 0 errors, 3 left on base; Ohio State University 1 - Oklahoma State University 2
BOTTOM OF THE 7TH
Oklahoma State University Cowboys batting - Pitching for Ohio State University Buckeyes : RHP Mike Sisson
Pitching: RHP Jose Ortiz
Now at 2B: Mike Vaughan
Now at 3B: Danny Rosario
Batting: RHB Ivan Torres 0-0: Called Strike
0-1: Ball
1-1: Swinging Strike
1-2: Ground out 1-3 (Groundball, 34S, EV 70.0 MPH)
Batting: RHB Oscar Hernandez 0-0: Ball
1-0: Ball
2-0: Swinging Strike
2-1: Ball
3-1: Foul Ball, location: 2F
3-2: SINGLE (Groundball, 6MD, EV 97.5 MPH)
Batting: RHB Pedro Luera 0-0: Ball
1-0: Foul Ball, location: 2F
1-1: Ball
2-1: Foul Ball, location: 2F
2-2: Foul Ball, location: 2F
2-2: Fly out, F9 (Flyball, 9LM, EV 96.9 MPH)
Batting: RHB Hidemitsu Matsuno 0-0: Fly out, F9 (Flyball, 9, EV 85.0 MPH)
Bottom of the 7th over - 0 runs, 1 hit, 0 errors, 1 left on base; Ohio State University 1 - Oklahoma State University 2
TOP OF THE 8TH
Ohio State University Buckeyes batting - Pitching for Oklahoma State University Cowboys : RHP Safe-eldin Enobakhare
Pitching: RHP Justin Rubino
Batting: RHB Dave Villarreal 0-0: Ground out 6-3 (Groundball, 56, EV 85.6 MPH)
Pinch Hitting: RHB Al Lara 0-0: Ball
1-0: Ground out 4-3 (Groundball, 4MD, EV 83.8 MPH)
Batting: RHB Aaron Burnet 0-0: Ball
1-0: Foul Ball, location: 2F
1-1: Swinging Strike
1-2: Ball
2-2: Strikes out swinging
Top of the 8th over - 0 runs, 0 hits, 0 errors, 0 left on base; Ohio State University 1 - Oklahoma State University 2
BOTTOM OF THE 8TH
Oklahoma State University Cowboys batting - Pitching for Ohio State University Buckeyes : RHP Jose Ortiz
Pitching: LHP Neil McKibben
Now in RF: Al Lara
Batting: RHB Mennad Maalik 0-0: Fly out, F8 (Flyball, 8RM, EV 85.6 MPH)
Batting: LHB Vecdi Ertegun 0-0: Called Strike
0-1: Ground out 5-3 (Groundball, 56S, EV 65.0 MPH)
Batting: RHB Masakuni Takeuchi 0-0: Called Strike
0-1: Ball
1-1: Called Strike
1-2: Strikes out looking
Bottom of the 8th over - 0 runs, 0 hits, 0 errors, 0 left on base; Ohio State University 1 - Oklahoma State University 2
TOP OF THE 9TH
Ohio State University Buckeyes batting - Pitching for Oklahoma State University Cowboys : RHP Justin Rubino
Pitching: RHP Yorinobu Matsumoto
Batting: SHB Ken Griffey IV 0-0: Ball
1-0: Ground out U3 (Groundball, 3S, EV 64.4 MPH)
Batting: LHB Ben Roth 0-0: Ball
1-0: Called Strike
1-1: Called Strike
1-2: Strikes out looking
Batting: RHB Hugo Chavez 0-0: Ground out 6-3 (Groundball, 6MD, EV 106.2 MPH)
Top of the 9th over - 0 runs, 0 hits, 0 errors, 0 left on base; Ohio State University 1 - Oklahoma State University 2
Tuesday, September 13th , 2022 - OOTP Baseball 23.7 Build 88